 Dungeon Crawl Stone Soup version 0.27.1-33-g824d729ab1 (webtiles) character file.

Game seed: 12037341808734038127

51 lonewolfV2 the Ruffian (level 3, -6/30 HPs)
             Began as a Ghoul Gladiator on Dec 16, 2021.
             Mangled by a water moccasin skeleton (7 damage)
             ... on level 3 of the Dungeon.
             The game lasted 00:04:07 (2786 turns).

lonewolfV2 the Ruffian (Ghoul Gladiator)            Turns: 2786, Time: 00:04:07

Health: -6/30      AC:  4    Str: 18    XL:     3   Next: 81%
Magic:  0/0        EV: 12    Int:  3    God:
Gold:   83         SH:  5    Dex: 10    Spells: 2/2 levels left

rFire    . . .     SeeInvis .   e - +0 dagger (antimagic)
rCold    + . .     Faith    .   (no shield)
rNeg     + + +     Spirit   .   a - +0 leather armour
rPois    ∞         Reflect  +   b - +0 helmet
rElec    .         Harm     .   (no cloak)
rCorr    .         Rampage  .   (no gloves)
Will     .....                  (no boots)
Stlth    +.........             j - amulet of reflection
HPRegen  0.00/turn              (no ring)
MPRegen  0.07/turn              (no ring)

@: inhibited regen
A: claws 1, cold resistance 1, negative energy resistance 3, inhibited
regeneration, torment resistance 2
a: no special abilities


You were on level 3 of the Dungeon.
You visited 1 branch of the dungeon, and saw 3 of its levels.

You collected 83 gold pieces.

Inventory:

Hand Weapons
 e - a +0 antimagic dagger (weapon)
Missiles
 c - 3 throwing nets
Armour
 a - a +0 leather armour (worn)
 b - a +0 helmet (worn)
Jewellery
 j - an amulet of reflection (around neck)
Wands
 d - a wand of mindburst (9) (quivered)
Potions
 f - a potion of lignification
 g - 2 potions of brilliance
 h - 2 potions of might
 i - a potion of flight {unknown}


   Skills:
 + Level 2.4 Fighting
 + Level 0.7 Short Blades
 + Level 1.9 Throwing
 + Level 1.2 Armour
 + Level 3.1 Dodging
 + Level 0.1 Shields
 + Level 3.8 Unarmed Combat


You had 2 spell levels left.
You didn't know any spells.
Your spell library contained the following spells:

 Spells                   Type           Power      Damage    Failure   Level
 Ozocubu's Armour         Ice            0%         N/A       91%         3
 Ozocubu's Refrigeration  Ice            0%         4d5       100%        7


Dungeon Overview and Level Annotations

Branches:
Dungeon (3/15)

Altars:


Innate Abilities, Weirdness & Mutations

You thrive by killing the living.
You are immune to poison.
You have sharp fingernails.
Your flesh is cold resistant. (rC+)
You are immune to negative energy. (rN+++)
You do not regenerate when monsters are visible.
You are immune to unholy pain and torment.


Message History

The water moccasin skeleton is heavily damaged.
The water moccasin skeleton bites you.
* * * LOW HITPOINT WARNING * * *
You hit the water moccasin skeleton.
The water moccasin skeleton is severely damaged.
The water moccasin skeleton bites you but does no damage.
You completely miss the water moccasin skeleton.
The water moccasin skeleton is severely damaged.
The water moccasin skeleton bites you but does no damage.
You closely miss the water moccasin skeleton.
The water moccasin skeleton is severely damaged.
The water moccasin skeleton bites you.
* * * LOW HITPOINT WARNING * * *
You barely miss the water moccasin skeleton.
The water moccasin skeleton is severely damaged.
The water moccasin skeleton barely misses you.
You closely miss the water moccasin skeleton.
The water moccasin skeleton is severely damaged.
The water moccasin skeleton bites you but does no damage.
You hit the water moccasin skeleton.
The water moccasin skeleton is severely damaged.
The water moccasin skeleton closely misses you.
You hit the water moccasin skeleton.
The water moccasin skeleton is severely damaged.
You block the water moccasin skeleton's attack.
You hit the water moccasin skeleton.
The water moccasin skeleton is almost destroyed.
You block the water moccasin skeleton's attack.
The water moccasin skeleton barely misses you.
You barely miss the water moccasin skeleton.
The water moccasin skeleton is almost destroyed.
The water moccasin skeleton bites you but does no damage.
You hit the water moccasin skeleton.
The water moccasin skeleton is almost destroyed.
The water moccasin skeleton bites you.
* * * LOW HITPOINT WARNING * * *
You hit the water moccasin skeleton.
The water moccasin skeleton is almost destroyed.
The water moccasin skeleton bites you!
You die...

##### ###########
##...##
.........###.###.##
#........##.## ##.#
####...........# #.#
#...........##.##
##.#
#.........###.###.##
#...####.# ##...##
#Z@......# ##.##
........####### ##.#
#######.# #..# #+#
#.## #####.##
#......# #.##...#
##.#....####
+...........


You could see a water moccasin skeleton.

Vanquished Creatures
  An adder (D:3)
  A worm (D:2)
  2 ball pythons
  2 endoplasms (D:1)
  3 giant cockroaches
  5 goblins
  4 hobgoblins
  4 kobolds
  3 quokkas
  2 bats
  2 frilled lizards (D:1)
  6 rats
35 creatures vanquished.

Notes
Turn   | Place    | Note
-------+----------+-------------------------------------------
     0 | D:1      | lonewolfV2 the Ghoul Gladiator began the quest for the Orb.
     0 | D:1      | Reached XP level 1. HP: 17/17 MP: 0/0
   129 | D:1      | Reached XP level 2. HP: 17/24 MP: 1/1
  1251 | D:1      | Reached XP level 3. HP: 27/30 MP: 0/2
  2371 | D:3      | Reached skill level 1 in Armour
  2785 | D:3      | HP: 1/30 [water moccasin skeleton (5)]
  2786 | D:3      | Mangled by a water moccasin skeleton

Illustrated notes

Levels and vault maps discovered:
D:1:      dpeg_arrival_line_fractal, layout_basic, minmay_tripent
D:2:      layout_loops_corners, nicolae_underground_beach
D:3:      layout_loops_corners, nemelex_dance_club_becter

Skill      XL: |  1  2  3 |
---------------+----------+-----
Dodging        | 3 |  3.1
Armour         | 1 |  1.2
Fighting       | |  2.4
Short Blades   | |  0.7
Throwing       | |  1.9
Shields        | |  0.1
Unarmed Combat | |  3.8

Action                   || total
-------------------------++-------
Melee: Unarmed           ||    14
       Dagger            ||   201
       Punch             ||     2
Evoke: Wand              ||     4
  Use: Scroll            ||     5
Armor: Leather armour    ||    77
Dodge: Dodged            ||   129
Block: Other             ||    12
